 Dungeon Crawl Stone Soup version 0.29-a0-870-g2c972031a6 (webtiles) character file.

Game seed: 1685517137159673525

5 zeratav the Stinger (level 1, 0/11 HPs)
             Began as an Octopode Venom Mage on July 17, 2022.
             Slain by a jackal (2 damage)
             ... on level 1 of the Dungeon.
             The game lasted 00:00:48 (245 turns).

zeratav the Stinger (Octopode Venom Mage)            Turns: 245, Time: 00:00:49

Health: 0/11       AC:  1    Str:  7    XL:     1   Next: 80%
Magic:  1/3        EV: 13    Int: 17    God:
Gold:   17         SH:  0    Dex: 12    Spells: 3/4 levels left

rFire   . . .      SeeInvis .   (no weapon)
rCold   . . .      Faith    .   (no shield)
rNeg    . . .      Spirit   .   (helmet restricted)
rPois   .          Reflect  .   (no amulet)
rElec   .          Harm     .   (no ring)
rCorr   .          Rampage  .   (no ring)
Will    .....                   (no ring)
Stlth   +++.......              (no ring)
HPRegen 0.03/turn               (no ring)
MPRegen 0.08/turn               (no ring)
                                (no ring)
                                (no ring)

@: no status effects
A: almost no armour, amphibious, 8 rings, camouflage 1, gelatinous body 1,
(nimble swimmer 1), tentacles
a: no special abilities


You were on level 1 of the Dungeon.
You visited 1 branch of the dungeon, and saw 1 of its levels.

You collected 17 gold pieces.


Innate Abilities, Weirdness & Mutations

You cannot wear most types of armour.
You are amphibious.
You can wear up to eight rings at the same time.
Your skin changes colour to match your surroundings (Stealth+).
Your rubbery body absorbs attacks. (AC +1, EV +1)
((You are camouflaged when in or above water. (Stealth+)))
You have tentacles for arms and can constrict up to eight enemies at once.


   Skills:
 - Level 2.0 Dodging
 + Level 3.1 Stealth
 - Level 2.0 Spellcasting
 - Level 1.0 Transmutations
 + Level 3.9 Poison Magic


You had 3 spell levels left.
You knew the following spells:

 Your Spells              Type           Power      Damage    Failure   Level
a - Sting                 Tmut/Pois      40%        1d5       7%          1

Your spell library contained the following spells:

 Spells                   Type           Power      Damage    Failure   Level
 Poisonous Vapours        Pois/Air       16%        N/A       13%         2
 Mephitic Cloud           Conj/Pois/Air  6%         N/A       34%         3
 Olgreb's Toxic Radiance  Pois           14%        N/A       36%         4

Inventory:

Jewellery
 b - an amulet of guardian spirit
   (You found it on level 1 of the Dungeon)
Potions
 a - a potion of magic

Dungeon Overview and Level Annotations

Branches:
Dungeon (1/15) Zot: 5754

Altars:

.#..##. ...#....#......#..
..... ........#.<#....#. #
.... ..# #....#.#...#..
#...###.###.#
#......#.##..#
........†...#
#..#...#...r..
########..###
#..#...#.###.# #.......#
#..#..#......#
#.......#####..#.#....####
.........hh@.##..#.#....#
###.......##.##>..#.....#
#.......##............#
#.......#####.........#
######### ##........#
#........# #........#
#........# ##########


You could see 2 jackals.


Message History

The sting hits the quokka.
The quokka is poisoned.
The quokka bites you.
HP[-4] MP[-1]
You take 4 damage, and now have 7/11 hp.
MASSIVE DAMAGE!! (PAUSE)
You lost 1 mp, and now have 0/3 mp.
You closely miss the quokka. Your grab misses the quokka.
Your squeeze misses the quokka. The quokka barely misses you.
You closely miss the quokka. Your grab misses the quokka.
Your squeeze misses the quokka.
The quokka bites you but does no damage.
MP[+1]
You barely miss the quokka. Your grab misses the quokka.
The quokka completely misses you. The quokka barely misses you.
Casting: Sting (safe; 8% risk of failure)
Confirm with . or Enter, or press ? or * to list all spells.
Aiming: Sting (safe; 8% risk of failure)
Press: ? - help, Shift-Dir - straight line, f/p - quokka
Aim: a quokka (moderately wounded, poisoned, 56% to hit)
The sting misses the quokka.
The quokka misses you.
MP[-1]
You lost 1 mp, and now have 0/3 mp.
You closely miss the quokka. You grab the quokka. You constrict the quokka.
The quokka bites you.
HP[-1]
You take 1 damage, and now have 6/11 hp.
You tentacle-slap the quokka but do no damage.
You constrict the quokka, but do no damage.
The quokka closely misses you.
You tentacle-slap the quokka but do no damage.
You squeeze the quokka, but do no damage.
You constrict the quokka, but do no damage.
The quokka looks more healthy.
The quokka bites you but does no damage.
You tentacle-slap the quokka.
You kill the quokka!
Your Stealth skill increases to level 3!
You start resting.
HP[+5] MP[+3]
Your hp is fully restored (11).
Your mp is fully restored (3).
Found a stone staircase leading down.
b - an amulet of guardian spirit
Okay, then.
You now have 17 gold pieces.
There is a stone staircase leading down here. 2 jackals come into view.
The sting hits the jackal.
The jackal is poisoned.
The jackal barks! x2; You hear a bark!
MP[-1]
You lost 1 mp, and now have 2/3 mp.
The sting hits the jackal.
The jackal looks even sicker.
A jackal comes into view.
The jackal closely misses you.
MP[-1]
You lost 1 mp, and now have 1/3 mp.
The sting hits the jackal but does no damage.
The jackal looks even sicker.
The jackal barely misses you.
MP[-1]
You lost 1 mp, and now have 0/3 mp.
The jackal attacks as you move away! The jackal closely misses you.
You kill the jackal!
The jackal completely misses you. The jackal attacks as you move away!
The jackal closely misses you. The jackal attacks as you move away!
The jackal closely misses you. The jackal misses you. x2
The jackal closely misses you. The jackal attacks as you move away!
The jackal closely misses you.
You tentacle-slap the jackal but do no damage.
Your grab misses the jackal. The jackal bites you. The jackal misses you.
HP[-1]
You take 1 damage, and now have 10/11 hp.
You closely miss the jackal. Your grab misses the jackal.
The jackal closely misses you.
You completely miss the jackal. Your grab misses the jackal.
You squeeze the jackal, but do no damage.
The jackal bites you. x2
HP[-4] MP[+1]
You take 4 damage, and now have 6/11 hp.
MASSIVE DAMAGE!! (PAUSE)
You barely miss the jackal. You grab the jackal. You constrict the jackal.
The jackal misses you.
You tentacle-slap the jackal.
You constrict the jackal, but do no damage.
The jackal misses you.
You tentacle-slap the jackal but do no damage.
You constrict the jackal, but do no damage.
The jackal bites you.
* * * LOW HITPOINT WARNING * * *
The jackal barely misses you.
HP[-1]
You take 1 damage, and now have 5/11 hp.
You tentacle-slap the jackal but do no damage.
You constrict the jackal, but do no damage.
The jackal bites you.
* * * LOW HITPOINT WARNING * * *
HP[-3]
You take 3 damage, and now have 2/11 hp.
MASSIVE DAMAGE!! (PAUSE)
You tentacle-slap the jackal but do no damage.
You constrict the jackal. The jackal misses you. The jackal bites you.
You die...

Skill      XL: |  1 |
---------------+----+-----
Stealth        | 3 |  3.1
Dodging        | |  2.0
Spellcasting   | |  2.0
Transmutations | |  1.0
Poison Magic   | |  3.9

Action                   || total
-------------------------++-------
Melee: Unarmed           ||    16
       Constrict         ||     3
       Tentacles         ||     3
 Cast: Sting             ||     8
Armor: Skin              ||     2
Dodge: Dodged            ||    21

Levels and vault maps discovered:
D:1:      ebering_trefoil_3fold, layout_rooms

Notes
Turn   | Place    | Note
-------+----------+-------------------------------------------
     0 | D:1      | zeratav the Octopode Venom Mage began the quest for the
                  | Orb.
     0 | D:1      | Reached XP level 1. HP: 11/11 MP: 3/3
     0 | D:1      | magus.rc [v1.9.6]
    46 | D:1      | Reached skill level 3 in Stealth
   244 | D:1      | HP: 2/11 [jackal (3)]
   245 | D:1      | Slain by a jackal

Vanquished Creatures
  3 jackals (D:1)
  A quokka (D:1)
4 creatures vanquished.

Table legend:
 A = Non-vault XP
 B = Vault XP
 C = Vault XP percentage of total XP
 D = Non-vault monster count
 E = Vault monster count
 F = Vault count percentage of total count
                 A         B        C        D         E       F
            +---------+---------+-------+---------+---------+-------
      Total |       8 |       0 |   0.0 |       4 |       0 |   0.0
            +---------+---------+-------+---------+---------+-------
        D:1 |       8 |       0 |   0.0 |       4 |       0 |   0.0
            +---------+---------+-------+---------+---------+-------

Illustrated notes

Table legend:
 A = Kills in this place as a percentage of kills in entire the game.
 B = Kills by you in this place as a percentage of kills by you in the entire game.
 C = Kills by friends in this place as a percentage of kills by friends in the entire game.
 D = Other kills in this place as a percentage of other kills in the entire game.
 E = Experience gained in this place as a percentage of experience gained in the entire game.
 F = Experience gained in this place divided by the number of levels of this place that you have seen.
                   A       B       C       D       E      F
               +-------+-------+-------+-------+-------+----------------------
         Total | 100.0 | 100.0 |   N/A |   N/A | 100.0 |   8.0
       Dungeon | 100.0 | 100.0 |   N/A |   N/A | 100.0 |   8.0
               +-------+-------+-------+-------+-------+----------------------

Table legend: (Time is in decaauts)
 A = Elapsed time spent in this place.
 B = Non-inter-level travel time spent in this place.
 C = Inter-level travel time spent in this place.
 D = Time resting spent in this place.
 E = Time spent auto-exploring this place.
 F = Levels seen in this place.
 G = Mean time per level.
                   A        B        C        D        E       F      G
               +--------+--------+--------+--------+--------+-----+--------+
         Total |    245 |    245 |      0 |    154 |     31 |   1 |  245.0 |
       Dungeon |    245 |    245 |      0 |    154 |     31 |   1 |  245.0 |
               +--------+--------+--------+--------+--------+-----+--------+

Top non-repeatable levels by time:
     D:1: 245 daAuts
